 Dungeon Crawl Stone Soup version 0.30.1-11-g7821555f0a (webtiles) character file.

Game seed: 4065270090049335991

158 KittyFluff the Cudgeller (level 5, 0/49 HPs)
             Began as a Gargoyle Berserker on Nov 12, 2023.
             Was a Believer of Trog.
             Slain by a cerulean imp
             ... wielding a +2 spear
             ... summoned by Natasha
              (6 damage)
             ... on level 2 of the Dungeon.
             The game lasted 00:05:49 (1597 turns).

KittyFluff the Cudgeller (Gargoyle Berserker)       Turns: 1597, Time: 00:05:56

Health: 0/49       AC:  8    Str: 23    XL:     5   Next: 39%
Magic:  5/5        EV: 11    Int:  7    God:    Trog [**....]
Gold:   73         SH:  0    Dex:  9    Spells: 4/4 levels left

rFire   . . .        a - +0 mace
rCold   . . .        (no shield)
rNeg    + . .        i - +0 leather armour
rPois   ∞            (no helmet)
rElec   +            o - +0 cloak
rCorr   .            (no gloves)
SInv    .            (no boots)
Will    .....        (no amulet) Stlth
                     (no ring)
HPRegen 0.28/turn    (no ring)
MPRegen 0.09/turn

%: no passive effects
@: berserking, very quick
A: sickness immunity, AC +4, negative energy resistance 1, electricity
resistance, torment resistance 1, petrification resistance
a: Renounce Religion, Berserk, Trog's Hand


You were on level 2 of the Dungeon.
You worshipped Trog.
Trog was pleased with you.
You visited 1 branch of the dungeon, and saw 2 of its levels.

You collected 73 gold pieces.

Inventory:

Hand Weapons
 a - a +0 mace (weapon)
 j - a +0 sling
 n - a +4 quarterstaff of chaos
Armour
 i - a +0 leather armour (worn)
 o - a +0 cloak (worn)
Jewellery
 l - a ring of ice
Scrolls
 c - a scroll of enchant armour {unknown}
 d - a scroll of poison {unknown}
 g - a scroll of fog {unknown}
 h - a scroll of teleportation {unknown}
Potions
 b - 2 potions of attraction {unknown}
 e - a potion of flight {unknown}
 f - a potion of brilliance {unknown}
 k - a potion of lignification {unknown}
 m - a potion of mutation {unknown}


   Skills:
 + Level 3.8 Fighting
 * Level 4.1 Maces & Flails
 * Level 3.5 Armour
 + Level 2.2 Dodging
 + Level 2.0 Stealth


You had 4 spell levels left.
You didn't know any spells.
Your spell library was empty.

Dungeon Overview and Level Annotations

Branches:
Dungeon (2/15)

Altars:

Annotations:
D:2 Natasha


Innate Abilities, Weirdness & Mutations

You are immune to sickness and miasma.
Your stone body is resilient. (AC +4)
You are immune to poison.
You resist negative energy. (rN+)
You are resistant to electric shocks. (rElec)
You are resistant to unholy torment.
You are immune to petrification.


Message History

Found a stone staircase leading down.
There is a stone staircase leading down here.
A kobold comes into view. It is wielding a +0 short sword.
The kobold shouts!
Found a viscous grey potion.
The kobold hits you with a +0 short sword.
Natasha, Servant of Life and Death comes into view.
She is carrying a wand of flame (28).
You thump the kobold!
You kill the kobold!
Trog accepts your kill.
Natasha zaps a wand.
The puff of flame hits you!
Found a book of Winter.
Found a stone staircase leading up.
Things that are here:
a +0 short sword; a kobold corpse
Found a hand axe.
Natasha zaps a wand.
The puff of flame misses you.
Natasha mumbles some strange words.
You hit Natasha.
Natasha is moderately wounded.
Natasha zaps a wand.
The puff of flame misses you.
The puff of flame hits the cerulean imp.
The cerulean imp closely misses you.
Natasha mumbles some strange words.
You feel disoriented.
Natasha casts a spell.
You closely miss Natasha.
Natasha is moderately wounded.
The cerulean imp misses you. Natasha casts a spell at you.
The magic dart hits you!
* * * LOW HITPOINT WARNING * * *
The cerulean imp hits you with a +2 spear.
* * * LOW HITPOINT WARNING * * *
A red film seems to cover your vision as you go berserk!
You feel yourself moving faster!
You feel mighty!
The cerulean imp hits you but does no damage.
Natasha zaps a wand.
The puff of flame hits you.
* * * LOW HITPOINT WARNING * * *
The cerulean imp hits you with a +2 spear.
You die...

###### #.)..
#.:##
#######...##
#....).5@h.#
#.#####..5......
#>#####....!<.##
#.##.....####...
#.##.##.## ##
#.##.##.#
#.......#
####.#### #.###


You could see Natasha and 2 cerulean imps.

Vanquished Creatures
  Crazy Yiuf (D:2)
  Jessica (D:2)
  Natasha (twice) (D:2)
  An adder (D:2)
  A worm (D:2)
  2 dart slugs (D:2)
  5 ball pythons
  3 bats
  2 endoplasms (D:1)
  2 giant cockroaches (D:1)
  2 goblins (D:1)
  4 hobgoblins (D:1)
  5 kobolds
  A quokka (D:1)
  3 frilled lizards (D:1)
  3 rats
38 creatures vanquished.

Notes
Turn   | Place    | Note
-------+----------+-------------------------------------------
     0 | D:1      | KittyFluff the Gargoyle Berserker began the quest for the
                  | Orb.
     0 | D:1      | Reached XP level 1. HP: 14/14 MP: 1/1
   190 | D:1      | Reached XP level 2. HP: 13/19 MP: 2/2
   719 | D:1      | Reached XP level 3. HP: 21/23 MP: 3/3
  1013 | D:2      | Found a faded altar of an unknown god.
  1087 | D:2      | Noticed Natasha
  1098 | D:2      | Killed Natasha
  1099 | D:2      | Reached skill level 1 in Stealth
  1100 | D:2      | Reached XP level 4. HP: 5/28 MP: 4/4
  1249 | D:2      | Found a runed translucent door.
  1250 | D:2      | Noticed Crazy Yiuf
  1258 | D:2      | HP: 1/42 [Crazy Yiuf/+4 quarterstaff of chaos (6)]
  1260 | D:2      | Killed Crazy Yiuf
  1422 | D:2      | Noticed Jessica
  1429 | D:2      | Killed Jessica
  1430 | D:2      | Reached skill level 4 in Maces & Flails
  1430 | D:2      | Reached XP level 5. HP: 24/33 MP: 5/5
  1490 | D:2      | Reached ** piety under Trog
  1516 | D:2      | Noticed Natasha
  1534 | D:2      | Killed Natasha
  1589 | D:2      | Noticed Natasha
  1597 | D:2      | Slain by a cerulean imp

Illustrated notes

Levels and vault maps discovered:
D:1:      lemuel_arrival_broad_hall, layout_basic, minmay_fountain_box,
          corexii_hall_statues_i, minivault_25, chequers_garden, corner_web_ring
D:2:      layout_loops_cross, basic_ecumenical_altar, uniq_natasha,
          uniq_jessica, uniq_crazy_yiuf_cottage

Skill      XL: |  1  2  3  4  5 |
---------------+----------------+-----
Armour         | 3 |  3.5
Stealth        | 1 2 |  2.0
Dodging        | 2 |  2.2
Maces & Flails | 4 |  4.1
Fighting       | |  3.8

Action                     |  1- 3 |  4- 6 || total
---------------------------+-------+-------++-------
  Melee: Mace              |    94 |    63 ||   157
         Punch             |     1 |       ||     1
 Invoke: Berserk           |     1 |     2 ||     3
 Armour: Animal skin       |    29 |       ||    29
         Leather armour    |    10 |    19 ||    29
  Dodge: Dodged            |    60 |    43 ||   103
